 Dungeon Sprint DCSS version 0.28-a0-1518-gbe868bca14 (webtiles) character file.

Game seed: 7223623484335764982

5597 mhtbhm the Impaler (level 10, -5/104 HPs)
             Began as a White Draconian Berserker on Jan 16, 2022.
             Was the Champion of Trog.
             Succumbed to Urug's poison
             ... in the Dungeon (Sprint III: "The Ten Rune Challenge").
             The game lasted 00:02:53 (1750 turns).

mhtbhm the Impaler (White Draconian Berserker)      Turns: 1750, Time: 00:02:54

Health: -5/104     AC:  7    Str: 23    XL:     10   Next: 45%
Magic:  10/10      EV: 15    Int:  9    God:    Trog [******]
Gold:   44         SH:  0    Dex:  8    Spells: 9/9 levels left

rFire   . . .      SeeInvis .   a - +2 halberd (vorpal)
rCold   + . .      Faith    .   (shield currently unavailable)
rNeg    . . .      Spirit   .   (armour unavailable)
rPois   .          Reflect  .   (helmet restricted)
rElec   .          Harm     .   (no cloak)
rCorr   .          Rampage  .   (no gloves)
Will    .....      NoTele   +   (no boots)
Stlth   +++.......              (no amulet)
HPRegen 0.27/turn               (no ring)
MPRegen 0.12/turn               (no ring)

@: brilliant, lethally poisoned (-5 -> -59)
A: breathe frost, AC +7, unfitting armour, cold resistance 1, cold-blooded,
beak, stinger 1, clumsy 1
a: Breathe Frost, Renounce Religion, Berserk, Trog's Hand, Brothers in Arms


You were in the Dungeon.
You worshipped Trog.
Trog was exalted by your worship.
You visited 1 branch You collected 44 gold pieces.

Inventory:

Hand Weapons
 a - a +2 vorpal halberd (weapon)
Scrolls
 g - a scroll of blinking
 h - 3 scrolls of identify {unknown}
 j - 2 scrolls of torment {unknown}
Potions
 d - a potion of haste
 e - 2 potions of magic
 f - a potion of berserk rage
 i - a potion of mutation
 l - 3 potions of flight
Miscellaneous
 m - a condenser vane


   Skills:
 + Level 14.9 Fighting
 + Level 16.0 Polearms
 + Level 12.2 Dodging
 + Level 6.2 Stealth


You had 9 spell levels left.
You didn't know any spells.
Your spell library was empty.

Dungeon Overview and Level Annotations

Branches:
Dungeon (1/1)

Altars:
Cheibriados
Dithmenos
Elyvilon
Fedhas
Gozag
Hepliaklqana
Kikubaaqudgha
Makhleb
Nemelex Xobeh
Okawaru
Qazlal
Ru
Sif Muna
Trog
Uskayaw
Vehumet
Wu Jian
Xom
Yredelemnul
Zin
The Shining One
Beogh
Jiyva
Lugonu

Annotations:
D Urug


Innate Abilities, Weirdness & Mutations

You can breathe waves of freezing cold which knock back foes.
Your icy white scales are hard. (AC +7)
You cannot fit into any form of body armour.
Your flesh is cold resistant. (rC+)
You are cold-blooded and may be slowed by cold attacks.
You have a beak for a mouth.
Your tail ends in a venomous barb.
You are clumsy. (Dex -2)


Message History

Urug is almost dead.
You feel very sick.
Urug hits you from afar with a +3 demon trident of venom!
You are more poisoned.
You reach to attack!
You miss Urug.
Urug is almost dead.
You feel very sick.
Urug hits you from afar with a +3 demon trident of venom!!
You are lethally poisoned!
You are too injured to fight recklessly!
You are too injured to fight recklessly!
You are too injured to fight recklessly!
You are too injured to fight recklessly!
You are too injured to fight recklessly!
You are too injured to fight recklessly!
You are too injured to fight recklessly!
You are too injured to fight recklessly!
You are too injured to fight recklessly!
You are too injured to fight recklessly!
You are too injured to fight recklessly!
You feel much better.
You feel extremely sick.
Urug hits you from afar with a +3 demon trident of venom!
You are lethally poisoned!
* * * LOW HITPOINT WARNING * * *
You feel extremely sick.
Urug hits you with a +3 demon trident of venom!!
* * * LOW HITPOINT WARNING * * *
You are more poisoned.
Unknown command.
You feel much better.
* * * LOW HITPOINT WARNING * * *
You feel extremely sick.
Urug hits you with a +3 demon trident of venom!
* * * LOW HITPOINT WARNING * * *
You are more poisoned.
Unknown command.
It was a potion of brilliance.
You feel clever all of a sudden.
You die...

♣♣†≈≈.....)..≈≈≈...#.^^
+♣♣'♣≈≈≈≈≈≈≈≈≈≈≈≈♣♣P.'.^.
#.†♣♣♣♣♣♣♣♣♣♣♣♣♣♣♣♣PP#..^
#..♣♣ ♣♣♣##+# ###'♣♣♣♣♣
♣♣♣♣.##..## ♣.†.##.##.#
♣♣.##.##.##+ ♣..#†##.@.#
♣♣.##.##.o# ♣♣†##.#####
♣.....# #######


You could see Urug.

Vanquished Creatures
  Erolcha (D)
  A lindwurm (D)
  A deep elf pyromancer (D)
  2 cane toads (D)
  A komodo dragon (D)
  3 wandering mushrooms (D)
  2 tyrant leeches (D)
  A shadow (D)
  5 redbacks (D)
  A spatial vortex (D)
  A necrophage (D)
  5 two-headed ogres (D)
  A water elemental (D)
  A scorpion (D)
  A jelly (D)
  A wizard (D)
  A necromancer (D)
  3 humans (D)
  A kobold demonologist (D)
  An endoplasm (D)
  3 rats (D)
37 creatures vanquished.

Notes
Turn   | Place    | Note
-------+----------+-------------------------------------------
     0 | D        | mhtbhm the Draconian Berserker began the quest for the Orb.
     0 | D        | Reached XP level 1. HP: 19/19 MP: 1/1
    13 | D        | Reached ** piety under Trog
   162 | D        | Reached skill level 4 in Polearms
   162 | D        | Reached XP level 2. HP: 28/28 MP: 2/2
   202 | D        | Noticed a scorpion
   207 | D        | Killed a scorpion
   208 | D        | Reached skill level 5 in Polearms
   208 | D        | Reached XP level 3. HP: 37/37 MP: 3/3
   208 | D        | Reached XP level 4. HP: 44/44 MP: 4/4
   225 | D        | Gained mutation: You are weak. (Str -2) [potion of
                  | mutation]
   225 | D        | Gained mutation: Your spells are a little harder to cast,
                  | but a little more powerful. [potion of mutation]
   241 | D        | Lost mutation: You are weak. (Str -2) [potion of mutation]
   241 | D        | Lost mutation: Your spells are a little harder to cast, but
                  | a little more powerful. [potion of mutation]
   241 | D        | Gained mutation: You are clumsy. (Dex -2) [potion of
                  | mutation]
   241 | D        | Gained mutation: You have a beak for a mouth. [potion of
                  | mutation]
   241 | D        | Gained mutation: Your tail ends in a venomous barb. [potion
                  | of mutation]
   259 | D        | Noticed a water elemental
   262 | D        | Killed a water elemental
   263 | D        | Reached skill level 6 in Polearms
   263 | D        | Reached skill level 5 in Dodging
   263 | D        | Reached XP level 5. HP: 52/52 MP: 5/5
   311 | D        | Found a basalt altar of Yredelemnul.
   311 | D        | Found a shadowy altar of Dithmenos.
   311 | D        | Found a sacrificial altar of Ru.
   311 | D        | Noticed a necrophage
   320 | D        | Killed a necrophage
   320 | D        | Reached *** piety under Trog
   321 | D        | Reached skill level 7 in Polearms
   465 | D        | Found a glowing silver altar of Zin.
   465 | D        | Found a glowing golden altar of the Shining One.
   465 | D        | Found a white marble altar of Elyvilon.
   466 | D        | Noticed a deep elf pyromancer
   473 | D        | Killed a deep elf pyromancer
   474 | D        | Reached skill level 10 in Fighting
   474 | D        | Reached skill level 10 in Polearms
   474 | D        | Reached skill level 1 in Stealth
   474 | D        | Reached XP level 6. HP: 67/67 MP: 6/6
   474 | D        | Your scales start taking on an icy white colour.
   474 | D        | Reached XP level 7. HP: 73/73 MP: 7/7
   474 | D        | Gained mutation: Your flesh is cold resistant. (rC+) [White
                  | Draconian growth]
   521 | D        | Found a hide-covered altar of Uskayaw.
   521 | D        | Found an iron altar of Okawaru.
   521 | D        | Found a bloodstained altar of Trog.
   521 | D        | Found an ornate altar of the Wu Jian Council.
   521 | D        | Noticed a human
   521 | D        | Noticed a human
   532 | D        | Killed a human
   532 | D        | Reached **** piety under Trog
   535 | D        | Killed a human
   589 | D        | Found a radiant altar of Vehumet.
   589 | D        | Found a shimmering blue altar of Sif Muna.
   589 | D        | Found an ancient bone altar of Kikubaaqudgha.
   602 | D        | Reached ***** piety under Trog
   653 | D        | Noticed a shadow
   660 | D        | Killed a shadow
   661 | D        | Reached skill level 11 in Polearms
   661 | D        | Reached XP level 8. HP: 82/82 MP: 8/8
   717 | D        | Found a blossoming altar of Fedhas.
   717 | D        | Found a stormy altar of Qazlal.
   717 | D        | Found a snail-covered altar of Cheibriados.
   717 | D        | Found a burning altar of Makhleb.
   717 | D        | Found a shimmering altar of Xom.
   718 | D        | Found a hazy altar of Hepliaklqana.
   718 | D        | Found an opulent altar of Gozag.
   718 | D        | Found a sparkling altar of Nemelex Xobeh.
   718 | D        | Found a corrupted altar of Lugonu.
   718 | D        | Found a viscous altar of Jiyva.
   766 | D        | Received a gift from Trog
   767 | D        | Reached skill level 10 in Dodging
   808 | D        | Noticed a two-headed ogre
   815 | D        | Killed a two-headed ogre
   816 | D        | Reached skill level 12 in Polearms
  1055 | D        | Noticed Erolcha
  1055 | D        | Noticed a two-headed ogre
  1062 | D        | Killed Erolcha
  1063 | D        | Reached skill level 13 in Polearms
  1063 | D        | Reached XP level 9. HP: 93/93 MP: 9/9
  1068 | D        | Killed a two-headed ogre
  1367 | D        | Noticed a wandering mushroom
  1372 | D        | Noticed a wandering mushroom
  1378 | D        | Killed a wandering mushroom
  1379 | D        | Reached skill level 14 in Polearms
  1379 | D        | Noticed a wandering mushroom
  1385 | D        | Killed a wandering mushroom
  1385 | D        | Received a gift from Trog
  1400 | D        | Killed a wandering mushroom
  1463 | D        | Noticed a cane toad
  1463 | D        | Noticed a komodo dragon
  1463 | D        | Noticed a cane toad
  1465 | D        | Killed a cane toad
  1476 | D        | Killed a cane toad
  1477 | D        | Reached skill level 5 in Stealth
  1477 | D        | Reached XP level 10. HP: 103/103 MP: 10/10
  1486 | D        | Reached skill level 15 in Polearms
  1688 | D        | Noticed a lindwurm
  1696 | D        | Killed a lindwurm
  1696 | D        | Reached ****** piety under Trog
  1737 | D        | Reached skill level 16 in Polearms
  1737 | D        | Noticed Urug
  1750 | D        | Succumbed to Urug's poison

Illustrated notes

Levels and vault maps discovered:
D:        dungeon_sprint_mu [sprint_mu_entry_forest, sprint_mu_temple_rooms,
          sprint_mu_d1_spiders, sprint_mu_d2_genie, sprint_mu_d3_branching,
          sprint_mu_orc_legion, sprint_mu_elf_gauntlet, sprint_mu_hive_nellie,
          sprint_mu_lair_fedhas, sprint_mu_vaults_butterflies,
          sprint_mu_slime_circle, sprint_mu_swamp_cave, sprint_mu_shoals_kraken,
          sprint_mu_blade_basic, sprint_mu_crypt_fortress,
          sprint_mu_tomb_spiral, sprint_mu_vestibule_basic,
          sprint_mu_gehenna_hellfire, sprint_mu_dis_giant,
          sprint_mu_tartarus_statrot, sprint_mu_cocytus_islands, sprint_mu_zot1]

Skill      XL: |  1  2  3  4  5  6  7  8  9 10 |
---------------+-------------------------------+-----
Dodging        | 3 4 5 8 9 11 12 | 12.2
Fighting       | 4 6 7 10 11 13 14 | 14.9
Polearms       | 4 5 6 10 11 13 14 16 | 16.0
Stealth        | 1 2 4 5 6 |  6.2

Action                   |  1- 3 |  4- 6 |  7- 9 | 10-12 || total
-------------------------+-------+-------+-------+-------++-------
Melee: Spear             |    18 |    17 |    62 |       ||    97
       Tailslap          |     2 |     2 |    11 |     2 ||    17
       Peck              |       |     2 |    10 |     4 ||    16
       Halberd           |       |       |    55 |    45 ||   100
       Punch             |       |       |     1 |       ||     1
Invok: Berserk           |     3 |     3 |     6 |       ||    12
 Abil: Breathe Frost     |       |       |     2 |       ||     2
  Use: Potion            |       |     2 |     1 |     3 ||     6
 Stab: Sleeping          |       |       |     1 |     6 ||     7
Armor: Skin              |       |     2 |     6 |     1 ||     9
Dodge: Dodged            |     5 |     3 |    15 |    16 ||    39

Table legend: (Time is in decaauts)
 A = Elapsed time spent in this place.
 B = Non-inter-level travel time spent in this place.
 C = Inter-level travel time spent in this place.
 D = Time resting spent in this place.
 E = Time spent auto-exploring this place.
 F = Levels seen in this place.
 G = Mean time per level.
                   A        B        C        D        E       F      G
               +--------+--------+--------+--------+--------+-----+--------+
         Total |   1819 |   1819 |      0 |   1398 |      1 |   1 | 1819.0 |
       Dungeon |   1819 |   1819 |      0 |   1398 |      1 |   1 | 1819.0 |
               +--------+--------+--------+--------+--------+-----+--------+

Top non-repeatable levels by time:
       D: 1819 daAuts
